[Event "African Championship (W)"]
[Site "followchess.com"]
[Date "2021.05.24"]
[Round "6"]
[White "Moaataz, Ayah"]
[Black "Marape, Naledi"]
[Result "1/2-1/2"]
[WhiteElo "2028"]
[BlackElo "1717"]
[ECO "A13"]
[WhiteFed "EGY"]
[BlackFed "BOT"]
[FCGameId "-610483088"]
[WhiteFideId "10615873"]
[BlackFideId "11310880"]
[TimeControl "7200+30"]

1. c4 Nf6 2. g3 e6 3. Bg2 d5 4. Nf3 dxc4 5. Qa4+ Bd7 6. Qxc4 c5 7. O-O Nc6 8. d3 Rc8 9. Qc2 b5 10. a4 a6 11. axb5 axb5 12. Nc3 Nd4 13. Qd1 Qb6 14. Ne5 Be7 15. Bg5 Bc6 16. Nxc6 Nxc6 17. Qb3 Nd4 18. Qd1 h6 19. Bd2 O-O 20. Ra2 Rb8 21. Ne4 Nxe4 22. Bxe4 Bf6 23. h4 c4 24. e3 Nb3 25. d4 Nxd2 26. Qxd2 Rfc8 27. Rfa1 b4 28. Ra6 Qd8 29. Rc1 Qd7 30. Raa1 Qc7 31. Qe2 Be7 32. Ra6 c3 33. bxc3 bxc3 34. Rc6 Qa5 35. Qc4 Rxc6 36. Qxc6 Bb4 37. d5 exd5 38. Bxd5 Qd8 39. e4 Qc8 40. Qa4 Qe8 41. Qa7 Rc8 42. Qb7 Be7 43. e5 Qd8 44. Qb3 Qf8 45. Rxc3 Rxc3 46. Qxc3 Bd8 47. Qc4 Be7 48. Qf4 g6 49. Qg4 Qg7 50. e6 f6 51. h5 g5 52. Be4 Qf8 53. Qf5 Qg7 54. Qb5 Qf8 55. Bg6 Kh8 56. Kg2 Qa8+ 57. Kh2 Qc8 58. Bf7 Qf8 59. Kh3 Qg7 60. Qd7 Qf8 61. Kg4 Kg7 62. Qd3 Kh8 63. Qg6 Qg7 64. Kf5 Qf8 65. Be8 Qg7 66. Bc6 Qf8 67. Bd7 Qg7 68. Qe8+ Bf8 69. Bc6 Kh7 70. Be4 Kh8 71. e7 Qxe7 72. Qxe7 Bxe7 73. Kg6 Bd8 74. g4 Be7 75. Bd5 Bd8 76. Kxh6 Bb6 77. Kg6 Bd4 78. Kf5 Be5 79. f4 gxf4 80. g5 Kg7 81. h6+ Kh7 82. Be4 fxg5 1/2-1/2

[Event "African Championship (W)"]
[Site "followchess.com"]
[Date "2021.05.24"]
[Round "6"]
[White "Shriyan santosh Priyasha"]
[Black "Badenhorst, Chloe"]
[Result "1/2-1/2"]
[WhiteElo "1285"]
[BlackElo "1316"]
[ECO "A05"]
[WhiteFed "MAW"]
[BlackFed "RSA"]
[FCGameId "-1164551415"]
[WhiteFideId "20505353"]
[BlackFideId "14339463"]
[TimeControl "7200+30"]

1. Nf3 Nf6 2. g3 g6 3. Bg2 Bg7 4. O-O O-O 5. d3 d5 6. Nbd2 Nc6 7. e4 dxe4 8. dxe4 Bg4 9. h3 Bxf3 10. Qxf3 Nd4 11. Qd1 c6 12. c3 Ne6 13. Qe2 Qc7 14. Nb3 a5 15. Nd4 Nc5 16. Bg5 e5 17. Bxf6 Bxf6 18. Nf3 Rad8 19. h4 Qd7 20. Qe3 Qe7 21. Rad1 Bg7 22. Rfe1 Nd7 23. Rd3 Nc5 24. Rdd1 Nd7 25. Qa7 Nc5 26. Rxd8 Rxd8 27. Qxa5 Bf6 28. b3 Qf8 29. Qb6 Ra8 30. b4 Nd3 31. Re3 Qd8 32. Qxd8+ Rxd8 33. Re2 Nc1 34. Rc2 Rd1+ 35. Bf1 Nd3 36. Kg2 Ne1+ 37. Nxe1 Rxe1 38. Be2 Bg7 39. c4 Bh6 40. b5 c5 41. g4 Bf4 42. Bd3 Rc1 43. Rxc1 Bxc1 44. Kf3 Bd2 45. Ke2 Bb4 46. Ke3 f6 47. f4 Kf7 48. Be2 exf4+ 49. Kxf4 Bd2+ 50. Kf3 Ke6 51. Bd1 g5 52. hxg5 fxg5 53. Ke2 Bb4 54. Ke3 Ke5 55. Bf3 b6 56. Bg2 Bc3 1/2-1/2

[Event "African Championship (W)"]
[Site "followchess.com"]
[Date "2021.05.24"]
[Round "6"]
[White "Marochkina, Nadezhda Valerevna"]
[Black "Nakabo, Peninah"]
[Result "1/2-1/2"]
[WhiteElo "1639"]
[BlackElo "1730"]
[ECO "D10"]
[WhiteFed "SEN"]
[BlackFed "UGA"]
[FCGameId "856903604"]
[WhiteFideId "19900490"]
[BlackFideId "10004556"]
[TimeControl "7200+30"]

1. d4 d5 2. c4 c6 3. e3 Bf5 4. Nf3 e6 5. Nc3 Nf6 6. a3 Be7 7. c5 O-O 8. Be2 Nbd7 9. b4 Qc7 10. O-O e5 11. dxe5 Nxe5 12. Nd4 Bg6 13. Bb2 a5 14. Na4 Ned7 15. Bd3 Bxd3 16. Qxd3 Ne5 17. Qc2 Nc4 18. Bc3 Ne4 19. Nf5 Nxc3 20. Nxe7+ Qxe7 21. Nxc3 f5 22. Ne2 Qe5 23. Qc3 Qxc3 24. Nxc3 axb4 25. axb4 Ra3 26. Rxa3 Nxa3 27. Ra1 Nc2 28. Ra4 g6 29. g3 Re8 30. b5 Ne1 31. Ra7 cxb5 32. Rxb7 Rc8 33. Rxb5 Nd3 34. Nxd5 Rxc5 35. Rxc5 Nxc5 36. h4 Kf7 37. Kg2 Nd7 38. Nc3 Ke6 39. e4 Ke5 40. exf5 Kxf5 41. Nd5 Ke4 42. Nf4 Ne5 43. Ne6 h5 44. Nf8 Kf5 45. Nh7 Nf7 46. Nf8 Ne5 47. f4 Nc4 48. Nd7 Kg4 49. Nf6+ 1/2-1/2

[Event "African Championship (W)"]
[Site "followchess.com"]
[Date "2021.05.23"]
[Round "5"]
[White "Nassr, Lina"]
[Black "Moaataz, Ayah"]
[Result "1-0"]
[WhiteElo "1960"]
[BlackElo "2028"]
[ECO "B10"]
[WhiteFed "ALG"]
[BlackFed "EGY"]
[FCGameId "-549625307"]
[WhiteFideId "7908075"]
[BlackFideId "10615873"]
[TimeControl "7200+30"]

1. e4 c6 2. Nf3 d5 3. exd5 cxd5 4. Ne5 Nc6 5. d4 Nf6 6. c3 g6 7. Bd3 Bg7 8. Qe2 O-O 9. O-O Bf5 10. Bxf5 gxf5 11. Bf4 e6 12. Nd2 Rc8 13. Rfe1 Ne4 14. Nxe4 fxe4 15. Qh5 f6 16. Nxc6 Rxc6 17. Re3 Qe8 18. Qg4 e5 19. Rg3 Rf7 20. Bh6 f5 21. Qh5 Qe6 22. Bxg7 Rxg7 23. Rd1 Rxg3 24. hxg3 Rb6 25. Qg5+ Kf7 26. b3 Rd6 27. dxe5 Qxe5 28. Rd4 Re6 29. Qe3 a6 30. Rb4 Qc7 31. Qg5 Rf6 32. Qd2 Qc6 33. Rd4 Kg6 34. Rxd5 Re6 35. c4 h6 36. Qf4 Rf6 37. g4 Qe6 38. gxf5+ Rxf5 39. Qg4+ Kf6 40. Rxf5+ Qxf5 41. Qxf5+ Kxf5 42. Kf1 Ke5 43. Ke2 Kd4 44. Kd2 h5 45. g3 a5 46. a4 b6 47. Kc2 e3 48. f3 e2 49. Kd2 e1=Q+ 50. Kxe1 Kd3 51. f4 Ke4 52. Kf2 h4 53. gxh4 Kxf4 54. h5 Ke4 55. h6 Kd4 56. h7 Kc3 57. h8=Q+ Kxb3 58. Qe8 1-0

[Event "African Championship (W)"]
[Site "followchess.com"]
[Date "2021.05.23"]
[Round "5"]
[White "Mwango , Lorita"]
[Black "Wafa, Shahenda"]
[Result "1/2-1/2"]
[WhiteElo "1912"]
[BlackElo "2145"]
[ECO "E61"]
[WhiteFed "ZAM"]
[BlackFed "EGY"]
[FCGameId "1210311635"]
[WhiteFideId "8700478"]
[BlackFideId "10609962"]
[TimeControl "7200+30"]

1. d4 Nf6 2. c4 g6 3. Nc3 Bg7 4. Nf3 O-O 5. e3 d6 6. Be2 Nbd7 7. O-O e5 8. dxe5 dxe5 9. Qc2 c6 10. b3 Qe7 11. Bb2 e4 12. Nd2 Re8 13. Rad1 h5 14. Qc1 Nf8 15. Qa1 Bf5 16. Ncxe4 Bxe4 17. Nxe4 Qxe4 18. Bxf6 Bxf6 19. Qxf6 Qc2 20. Bf3 Qxa2 21. Rd3 Qa5 22. Rfd1 Nh7 23. Qc3 Qxc3 24. Rxc3 Nf8 25. Rcd3 Ne6 26. Rd7 Nc5 27. Rc7 Rac8 28. Rxc8 Rxc8 29. b4 Ne6 30. Ra1 a6 31. b5 axb5 32. cxb5 Ng5 33. Be2 cxb5 34. Bxb5 Ne4 35. Bd3 Nd6 36. Kf1 Kf8 37. Ke2 Ke7 38. Rb1 Rc5 39. e4 g5 40. Ke3 Kd7 41. g3 g4 42. f4 gxf3 43. Kxf3 Kc6 44. Kf4 f6 45. Rb2 b5 46. Rc2 Nc4 47. Be2 Kd6 48. h4 Kc6 49. g4 hxg4 50. Bxg4 b4 51. Be6 Kb5 52. Bd7+ Ka5 53. Ra2+ Kb6 54. Ba4 Ne5 55. Kf5 Nf3+ 56. Kxf6 Rh5 57. Rf2 Rxh4 58. Rxf3 Rxe4 59. Bb3 Kc5 60. Rd3 Rd4 61. Re3 Rh4 62. Ke5 Rh1 63. Rd3 Rh5+ 64. Kf4 Rh4+ 65. Kg3 Rd4 66. Re3 Rd2 67. Kf4 1/2-1/2

[Event "African Championship (W)"]
[Site "followchess.com"]
[Date "2021.05.23"]
[Round "5"]
[White "Ogbiyoyo, Perpetual Eloho"]
[Black "Banda Natalie Katlo"]
[Result "1-0"]
[WhiteElo "1880"]
[BlackElo "1560"]
[ECO "B12"]
[WhiteFed "NGR"]
[BlackFed "BOT"]
[FCGameId "456249700"]
[WhiteFideId "8509050"]
[BlackFideId "11315075"]
[TimeControl "7200+30"]

1. e4 c6 2. d4 d5 3. f3 e6 4. Nc3 Bb4 5. Bd2 Bxc3 6. Bxc3 dxe4 7. Qd2 exf3 8. Nxf3 Qd5 9. Bd3 Nf6 10. Ne5 h6 11. O-O b6 12. Bc4 Qd8 13. Qf4 O-O 14. Rad1 Bb7 15. Bb4 Re8 16. g4 a5 17. Be1 b5 18. Be2 Rf8 19. Bh4 Na6 20. Qc1 Nb4 21. Rxf6 gxf6 22. Qxh6 Nd5 23. Bd3 1-0

[Event "African Championship (W)"]
[Site "followchess.com"]
[Date "2021.05.21"]
[Round "4"]
[White "Moaataz, Ayah"]
[Black "Mwango , Lorita"]
[Result "1/2-1/2"]
[WhiteElo "2028"]
[BlackElo "1912"]
[ECO "A20"]
[WhiteFed "EGY"]
[BlackFed "ZAM"]
[FCGameId "-791413114"]
[WhiteFideId "10615873"]
[BlackFideId "8700478"]
[TimeControl "7200+30"]

1. c4 e5 2. g3 Nf6 3. Bg2 d5 4. cxd5 Nxd5 5. Nc3 Nb6 6. Nf3 Nc6 7. a3 Be7 8. O-O O-O 9. b4 Re8 10. Rb1 f6 11. Qb3+ Kh8 12. Bb2 Bf8 13. d3 Be6 14. Qc2 Rc8 15. Ne4 Nd7 16. e3 Ncb8 17. d4 exd4 18. exd4 c6 19. Rfe1 Bf7 20. Nh4 Nb6 21. Rbd1 Nd5 22. Nf5 g6 23. Ne3 Nd7 24. Nc4 N7b6 25. Na5 Qc7 26. Nc5 Rxe1+ 27. Rxe1 Rb8 28. Bh3 f5 29. Nd3 Nd7 30. Bg2 N7f6 31. Ne5 Bg8 32. Nb3 Bg7 33. Nc5 a6 34. Bc1 Ra8 35. Bd2 Rd8 36. h4 Rf8 37. f4 Qc8 38. Bf3 Bf7 39. Nxf7+ Rxf7 40. Nd3 Re7 41. Ne5 Qe8 42. Kg2 h5 43. a4 Kh7 44. Rb1 Rc7 45. Qd3 Qc8 46. Rc1 Bf8 47. Qb3 Ne4 48. Be1 Ndf6 49. b5 axb5 50. axb5 Bd6 51. Ba5 Rg7 52. bxc6 bxc6 53. Nxc6 Qa6 54. Be1 Rb7 55. Qc2 Qa3 56. Rb1 Rc7 57. Bf2 Qa6 58. Rc1 Ba3 59. Qc4 Qb7 60. Rc2 Qb1 61. Re2 Qb7 62. d5 Nxd5 63. Qxd5 Qxc6 64. Bxe4 fxe4 65. Qxe4 Qxe4+ 66. Rxe4 Rc2 67. Kf3 Bc5 68. Bxc5 Rxc5 69. Re7+ Kh6 70. Re5 Rc3+ 71. Re3 Rc4 72. g4 hxg4+ 73. Kxg4 Rc5 74. Re6 Ra5 75. Re5 Ra1 76. Re8 Ra5 77. Kf3 Kg7 78. Re6 Kf7 79. Re5 Ra1 80. h5 gxh5 81. Rxh5 Kf6 82. Rb5 Rf1+ 1/2-1/2

[Event "African Championship (W)"]
[Site "followchess.com"]
[Date "2021.05.21"]
[Round "4"]
[White "Wafa, Shahenda"]
[Black "Nassr, Lina"]
[Result "1/2-1/2"]
[WhiteElo "2145"]
[BlackElo "1960"]
[ECO "B40"]
[WhiteFed "EGY"]
[BlackFed "ALG"]
[FCGameId "-480246952"]
[WhiteFideId "10609962"]
[BlackFideId "7908075"]
[TimeControl "7200+30"]

1. e4 c5 2. Nf3 e6 3. c4 Nc6 4. d4 cxd4 5. Nxd4 Qb6 6. Nxc6 dxc6 7. Bd3 Nf6 8. O-O e5 9. Nc3 Be7 10. Qc2 O-O 11. Be3 Qc7 12. h3 Be6 13. a3 Nh5 14. Qe2 g6 15. Rfe1 Rfd8 16. Rad1 Nf4 17. Bxf4 exf4 18. Nd5 cxd5 19. exd5 f3 20. Qe4 Bxd5 21. cxd5 Bf6 22. b3 fxg2 23. Kxg2 Qd6 24. a4 Qxd5 25. Qxd5 Rxd5 26. Be4 Rxd1 27. Rxd1 Rd8 28. Rxd8+ Bxd8 29. Bxb7 a5 30. Bd5 Be7 31. Kg3 Kg7 1/2-1/2

[Event "African Championship (W)"]
[Site "followchess.com"]
[Date "2021.05.21"]
[Round "4"]
[White "February, Jesse Nikki"]
[Black "Ogbiyoyo, Perpetual Eloho"]
[Result "0-1"]
[WhiteElo "1824"]
[BlackElo "1880"]
[ECO "C53"]
[WhiteFed "RSA"]
[BlackFed "NGR"]
[FCGameId "-338631415"]
[WhiteFideId "14312336"]
[BlackFideId "8509050"]
[TimeControl "7200+30"]

1. e4 e5 2. Nf3 Nc6 3. Bc4 Bc5 4. c3 d6 5. d4 exd4 6. cxd4 Bb6 7. h3 Nf6 8. Nc3 h6 9. O-O O-O 10. Bf4 Nxe4 11. d5 Nxc3 12. bxc3 Ne7 13. Re1 Ng6 14. Bg3 Qf6 15. Qd2 Bxh3 16. Re2 Bg4 17. Qd3 Bxf3 18. gxf3 Rfe8 19. Rae1 Rxe2 20. Rxe2 Qg5 21. Kf1 h5 22. Re4 h4 23. f4 Qg4 24. f5 Qh3+ 25. Ke2 hxg3 26. fxg6 Qh5+ 27. Kd2 Qg5+ 28. f4 Qxg6 29. Qe2 g2 30. Re8+ Rxe8 31. Qxe8+ Kh7 32. Bd3 Qxd3+ 33. Kxd3 g1=Q 34. Qe4+ Qg6 35. f5 Qg3+ 36. Kc4 f6 37. Kb3 Ba5 38. Qc4 Qxc3+ 0-1

[Event "African Championship (W)"]
[Site "followchess.com"]
[Date "2021.05.20"]
[Round "3"]
[White "Ogbiyoyo, Perpetual Eloho"]
[Black "Moaataz, Ayah"]
[Result "0-1"]
[WhiteElo "1880"]
[BlackElo "2028"]
[ECO "B18"]
[WhiteFed "NGR"]
[BlackFed "EGY"]
[FCGameId "675709512"]
[WhiteFideId "8509050"]
[BlackFideId "10615873"]
[TimeControl "7200+30"]

1. e4 c6 2. d4 d5 3. Nc3 dxe4 4. Nxe4 Bf5 5. Ng3 Bg6 6. N1e2 e6 7. h4 h6 8. Nf4 Bh7 9. Bc4 Nf6 10. Qe2 Bd6 11. Ngh5 Nxh5 12. Nxh5 Rg8 13. c3 Nd7 14. Bd2 Nf6 15. O-O-O Nxh5 16. Qxh5 Qf6 17. Be3 O-O-O 18. Qa5 Qf5 19. Qxf5 Bxf5 20. f3 h5 21. b4 b5 22. Bd3 Bxd3 23. Rxd3 Bc7 24. Kc2 Rd5 25. Bf2 Rgd8 26. Rhd1 a5 27. a3 g5 28. R1d2 Rg8 29. Re2 Kd7 30. Rde3 Bd6 31. Re4 Be7 32. Be1 a4 33. Kd3 Rg6 34. c4 bxc4+ 35. Kxc4 f5 36. Re5 gxh4 37. Rxd5+ exd5+ 38. Kd3 h3 39. gxh3 Rg1 40. Bc3 Rg3 41. Ke3 Bd6 42. Rh2 Rg1 43. Re2 Bg3 44. f4 Rf1 45. Rg2 h4 46. Bd2 Rxf4 47. Kd3 Rf3+ 48. Kc2 Rxa3 49. Re2 Rf3 50. Bg5 Rf2 51. Rxf2 Bxf2 52. Kd3 Bg3 53. Bd2 Kc7 0-1

[Event "African Championship (W)"]
[Site "followchess.com"]
[Date "2021.05.20"]
[Round "3"]
[White "Nassr, Lina"]
[Black "February, Jesse Nikki"]
[Result "1/2-1/2"]
[WhiteElo "1960"]
[BlackElo "1824"]
[ECO "A46"]
[WhiteFed "ALG"]
[BlackFed "RSA"]
[FCGameId "-359491277"]
[WhiteFideId "7908075"]
[BlackFideId "14312336"]
[TimeControl "7200+30"]

1. d4 Nf6 2. Nf3 c5 3. e3 b6 4. Bd3 g6 5. O-O Bg7 6. Nbd2 O-O 7. c3 d6 8. e4 Nbd7 9. e5 dxe5 10. dxe5 Ng4 11. e6 fxe6 12. Ng5 Ndf6 13. Be2 Ne5 14. Qb3 Qd5 15. f4 Qxb3 16. axb3 Nf7 17. Bf3 Rb8 18. Nxf7 Rxf7 19. Rxa7 Nd5 20. g3 h6 21. Nc4 Kf8 22. Be4 b5 23. Ne5 Bxe5 24. fxe5 g5 25. h4 Rxf1+ 26. Kxf1 b4 27. c4 Nb6 28. hxg5 hxg5 29. Bxg5 Nd7 30. Kg2 Kf7 31. Bf4 Nf8 32. g4 Bd7 33. Be3 Rc8 34. Kf3 Bc6 35. Ra5 Bxe4+ 36. Kxe4 Nd7 37. Ra7 Nf8 38. Bg5 Ng6 39. Ra5 Nf8 40. Bh4 Rc7 41. Bf2 Nd7 42. Be3 Rc8 43. Ra1 Rg8 44. Rf1+ Ke8 45. g5 Rh8 46. Rg1 Rh4+ 47. Bf4 Kf7 48. Kf3 Rh3+ 49. Bg3 Kg6 50. Kf4 Rh5 51. Bf2 Rh2 52. Kg3 Rh5 53. Kf4 Rh2 54. Kg3 Rh5 55. Kf4 Rh2 56. Kg3 1/2-1/2

[Event "African Championship (W)"]
[Site "followchess.com"]
[Date "2021.05.20"]
[Round "3"]
[White "Nakabo, Peninah"]
[Black "Mwango , Lorita"]
[Result "0-1"]
[WhiteElo "1730"]
[BlackElo "1912"]
[ECO "B17"]
[WhiteFed "UGA"]
[BlackFed "ZAM"]
[FCGameId "-304613697"]
[WhiteFideId "10004556"]
[BlackFideId "8700478"]
[TimeControl "7200+30"]

1. e4 c6 2. d4 d5 3. Nc3 dxe4 4. Nxe4 Nd7 5. Nf3 Ngf6 6. Ng3 e6 7. Bd3 Qc7 8. O-O Bd6 9. c4 b6 10. Re1 O-O 11. Qc2 Bb7 12. Kh1 c5 13. Be3 Bf4 14. Qd2 Bxe3 15. fxe3 Rad8 16. Qe2 Rfe8 17. Ng5 h6 18. N5e4 Nxe4 19. Bxe4 Nf6 20. Bxb7 Qxb7 21. Rad1 cxd4 22. exd4 Rd7 23. Rd2 Red8 24. Red1 Qc7 25. Kg1 Qf4 26. Qf3 Qh4 27. Ne2 Ng4 28. h3 Nf6 29. Qg3 Qh5 30. Nf4 Qa5 31. Qa3 Qxa3 32. bxa3 Rc8 33. Rc2 b5 34. 
c5 e5 35. Ne2 exd4 36. c6 Rd6 37. Rdd2 Rdxc6 38. 
Rxd4 Rd8 39. Rxd8+ 0-1

[Event "African Championship (W)"]
[Site "followchess.com"]
[Date "2021.05.19"]
[Round "2"]
[White "Wafa, Shahenda"]
[Black "Marape, Naledi"]
[Result "1/2-1/2"]
[WhiteElo "2145"]
[BlackElo "1717"]
[ECO "C97"]
[WhiteFed "EGY"]
[BlackFed "BOT"]
[FCGameId "-712004088"]
[WhiteFideId "10609962"]
[BlackFideId "11310880"]
[TimeControl "7200+30"]

1. e4 e5 2. Nf3 Nc6 3. Bb5 a6 4. Ba4 Nf6 5. O-O b5 6. Bb3 Be7 7. Re1 d6 8. c3 
Na5 9. Bc2 c5 10. d4 Qc7 11. Nbd2 O-O 12. h3 Bb7 13. d5 Rfb8 14. b3 Bc8 15. Nf1 
Bf8 16. Bg5 Ne8 17. Ng3 g6 18. Qd2 c4 19. b4 Nb7 20. Bh6 Bg7 21. Bxg7 Kxg7 22. 
Nh2 a5 23. a3 Ra6 24. f4 f6 25. h4 Rba8 26. Rac1 axb4 27. axb4 Ra2 28. f5 R8a3 
29. Ng4 Qf7 30. Rf1 Nd8 31. Qh6+ Kg8 32. Bd1 Qa7+ 33. Qe3 Qxe3+ 34. Nxe3 Rd2 35. 
Ne2 Raa2 36. Ng3 Rd3 37. Rf3 Ra3 38. Ng4 Rxf3 39. Bxf3 Kg7 40. Ne3 Nf7 41. Kf2 
Nh6 42. Rc2 Kf7 43. Ng4 Ng8 44. Ne3 Nh6 45. Bg4 Nxg4+ 46. Nxg4 Kg7 47. Ne3 Kf7 
48. fxg6+ hxg6 49. h5 gxh5 50. Nxh5 Ng7 51. Nxg7 Kxg7 1/2-1/2

[Event "African Championship (W)"]
[Site "followchess.com"]
[Date "2021.05.19"]
[Round "2"]
[White "Moaataz, Ayah"]
[Black "Nassr, Manel"]
[Result "1-0"]
[WhiteElo "2028"]
[BlackElo "1670"]
[ECO "A15"]
[WhiteFed "EGY"]
[BlackFed "ALG"]
[FCGameId "-599634845"]
[WhiteFideId "10615873"]
[BlackFideId "7911696"]
[TimeControl "7200+30"]

1. c4 Nf6 2. g3 c6 3. Bg2 d5 4. Nf3 Bg4 5. Ne5 Bf5 6. cxd5 cxd5 7. Nc3 e6 8. g4 Bg6 9. h4 h5 10. Nxg6 fxg6 11. g5 Ng8 12. d4 Bd6 13. e4 Ne7 14. Bh3 dxe4 15. Bxe6 Nf5 16. Qa4+ Ke7 17. Bb3 Nc6 18. Qc4 Qd7 19. Be3 Nxe3 20. fxe3 Bg3+ 21. Kd2 Rhf8 22. Raf1 Rf5 23. Nxe4 Bc7 24. Nc5 Ba5+ 25. Kc1 Qc8 26. Rxf5 Qxf5 27. Rf1 Qh3 28. Qf7+ Kd8 29. Qf8+ Kc7 30. Rf7+ Ne7 31. Qxe7+ Kc6 32. Qxb7+ Kd6 33. Qd5# {-error} 1-0

[Event "African Championship (W)"]
[Site "followchess.com"]
[Date "2021.05.19"]
[Round "1"]
[White "Wafa, Shahenda"]
[Black "Mugide, Safinah"]
[Result "1-0"]
[WhiteElo "2145"]
[BlackElo "1518"]
[ECO "D55"]
[WhiteFed "EGY"]
[BlackFed "UGA"]
[FCGameId "1255481092"]
[WhiteFideId "10609962"]
[BlackFideId "10005188"]
[TimeControl "7200+30"]

1. d4 d5 2. c4 e6 3. Nc3 Nf6 4. Bg5 Be7 5. Nf3 O-O 6. e3 b6 7. Be2 Bb7 8. O-O Ne4 9. Nxe4 dxe4 10. Bxe7 Qxe7 11. Nd2 c5 12. Qc2 f5 13. dxc5 bxc5 14. Rfd1 Nc6 15. Nf1 Ne5 16. Rd2 f4 17. exf4 Rxf4 18. Ne3 Raf8 19. Bf1 Qg5 20. Rad1 Nf3+ 21. Kh1 Nd4 1-0

[Event "African Championship (W)"]
[Site "followchess.com"]
[Date "2021.05.19"]
[Round "1"]
[White "Dutt Lakshita"]
[Black "Moaataz, Ayah"]
[Result "0-1"]
[WhiteElo "1499"]
[BlackElo "2028"]
[ECO "E60"]
[WhiteFed "MAW"]
[BlackFed "EGY"]
[FCGameId "-177539285"]
[WhiteFideId "20505329"]
[BlackFideId "10615873"]
[TimeControl "7200+30"]

1. d4 Nf6 2. Nf3 g6 3. c4 Bg7 4. Nc3 O-O 5. e3 d6 6. Be2 Nc6 7. O-O e5 8. a3 Ne8 9. dxe5 dxe5 10. Qxd8 Nxd8 11. Rd1 Nc6 12. Ra2 h6 13. b4 Be6 14. Ne4 b6 15. Nc3 f5 16. Nd5 Rf7 17. Rad2 Rc8 18. c5 Nb8 19. Bc4 c6 20. Nxb6 Bxc4 21. Nxc8 Bb3 22. Re1 Rc7 23. Rd8 Kf7 24. Nxa7 Nd7 25. Nxc6 Rxc6 26. Rxd7+ Kf8 27. Bb2 e4 28. Bxg7+ Nxg7 29. Nd4 Be6 30. Rd8+ 0-1